 Dungeon Crawl Stone Soup version 0.23.2-1-ga50397a6bc (webtiles) character file.

Game seed: 18289611184562634215

2776 Menchi the Protected (level 9, -5/74 HPs)
             Began as a Gnoll Fighter on May 6, 2019.
             Was an Initiate of Nemelex Xobeh.
             Slain by Harold
             ... wielding a +2 dire flail of crushing
              (6 damage)
             ... on level 7 of the Dungeon.
             The game lasted 00:11:17 (5991 turns).

Menchi the Protected (Gnoll Fighter)                Turns: 5991, Time: 00:11:18

Health: -5/74      AC: 17    Str: 22    XL:     9   Next: 70%
Magic:  15/15      EV: 12    Int: 10    God:    Nemelex Xobeh [......]
Gold:   510        SH:  0    Dex: 15    Spells: 16/16 levels left

rFire    + . .     SeeInvis .   x - +6 great mace
rCold    + . .     Gourm    .   (shield currently unavailable)
rNeg     . . .     Faith    .   b - +0 scale mail
rPois    +         Spirit   .   (no helmet)
rElec    +         Reflect  .   r - +2 cloak
rCorr    +         Harm     .   (no gloves)
MR       .....                  g - +0 pair of boots
Stlth    +.........             (no amulet)
HPRegen  0.22/turn              l - ring of resist corrosion
MPRegen  0.14/turn              i - +4 ring of protection

@: resistant, marked, studying Armour
A: distributed training, fangs 1, strong nose
a: Draw Escape, Draw Destruction, Draw Summoning, Renounce Religion


You were on level 7 of the Dungeon.
You worshipped Nemelex Xobeh.
Nemelex Xobeh was noncommittal.
You were hungry.

You visited 2 branches of the dungeon, and saw 8 of its levels.

You collected 510 gold pieces.

Inventory:

Hand Weapons
 a - a +1 long sword
 x - a +6 great mace (weapon)
Armour
 b - a +0 scale mail (worn)
 g - a +0 pair of boots (worn)
 r - a +2 cloak (worn)
Jewellery
 i - a +4 ring of protection (right hand)
 l - a ring of resist corrosion (left hand)
 o - an uncursed ring of ice {unknown}
Wands
 c - a wand of disintegration (10)
 v - a wand of polymorph (7)
Scrolls
 k - 2 scrolls of teleportation
 m - 4 scrolls of remove curse
 n - a scroll of magic mapping
 t - 3 scrolls of enchant weapon
Potions
 e - a potion of magic
 h - 2 potions of haste
 p - a potion of degeneration {unknown}
 q - a potion of heal wounds {unknown}
 s - 2 potions of mutation {unknown}
 u - a potion of curing
 w - a potion of brilliance {unknown}
 z - 3 potions of agility {unknown}
Books
 d - a manual of Armour
Comestibles
 f - 13 rations


   Skills:
 + Level 8.0 Fighting
 + Level 4.4 Short Blades
 + Level 6.4 Long Blades
 + Level 4.4 Axes
 + Level 4.4 Maces & Flails
 + Level 4.4 Polearms
 + Level 4.4 Staves
 + Level 4.4 Slings
 + Level 4.4 Bows
 + Level 4.4 Crossbows
 + Level 4.4 Throwing
 + Level 8.9 Armour
 + Level 4.4 Dodging
 + Level 4.4 Stealth
 + Level 8.0 Shields
 + Level 4.4 Unarmed Combat
 + Level 4.4 Spellcasting
 + Level 3.6 Conjurations
 + Level 3.6 Hexes
 + Level 3.6 Charms
 + Level 3.6 Summonings
 + Level 3.6 Necromancy
 + Level 3.6 Translocations
 + Level 3.6 Transmutations
 + Level 3.6 Fire Magic
 + Level 3.6 Ice Magic
 + Level 3.6 Air Magic
 + Level 3.6 Earth Magic
 + Level 3.6 Poison Magic
 + Level 4.9 Invocations
 + Level 4.4 Evocations


You had 16 spell levels left.
You didn't know any spells.
Your spell library contained the following spells:

 Spells                   Type           Power        Failure   Level  Hunger
 Confusing Touch          Hex            #.....       12%         1    #......
 Confuse                  Hex            #.......     36%         3    ###....
 Gell's Gravitas          Tloc           #.........   36%         3    ###....
 Petrify                  Tmut/Erth      #.......     77%         4    #####..
 Metabolic Englaciation   Hex/Ice        #.........   98%         5    ######.
 Yara's Violent Unravell  Hex/Tmut       #.........   98%         5    ######.


Dungeon Overview and Level Annotations

Branches:
Dungeon (7/15)             Temple (1/1) D:5

Altars:
Ashenzari
Cheibriados
Dithmenos
Fedhas
Gozag
Hepliaklqana
Nemelex Xobeh
Qazlal
Ru
Sif Muna
Trog
Vehumet
Wu Jian
Yredelemnul
Zin
The Shining One
Jiyva

Shops:
D:5 [

Annotations:
D:7 Harold


Innate Abilities, Weirdness & Mutations

Your experience applies equally to all skills.
You have very sharp teeth.
Your uncanny sense of smell can sniff out nearby items.


Message History

Harold hits you with a +2 dire flail of crushing!
You barely miss Harold.
Harold is moderately wounded.
The leopard gecko barely misses you. Harold hits you but does no damage.
The leopard gecko bites you but does no damage.
You sock Harold!
Harold is heavily wounded.
The leopard gecko barely misses you.
Harold hits you with a +2 dire flail of crushing.
* * * LOW HITPOINT WARNING * * *
The leopard gecko barely misses you.
Harold hits you with a +2 dire flail of crushing!
* * * LOW HITPOINT WARNING * * *
x2 You feel protected.
The leopard gecko misses you.
You feel better.
Harold hits you with a +2 dire flail of crushing!
* * * LOW HITPOINT WARNING * * *
You die...
Your body disappears without a glow.

#.......................
#.......................
#.......................
##############'#........
..... #..#........ ....
#..#........ #..
#.##........
+####.@##.#.....####
......l@..#.....#
..........#.....#
..........#.....#
###########


You could see Harold and a leopard gecko.

Vanquished Creatures
  A hungry ghost (D:5)
  A black bear (D:6)
  2 sky beasts (D:6)
  The ghost of Toogi the Sneak, an amateur FeCj (D:6)
  2 ice beasts
  2 phantoms
  6 ogres
  A centaur (D:5)
  A big kobold (D:7)
  Blork the orc (D:5)
  A bullfrog (D:6)
  3 scorpions
  A howler monkey (D:4)
  4 crimson imps
  3 hounds
  An orc priest (D:3)
  A bullfrog skeleton (D:5)
  3 jellies
  3 orc wizards
  3 iguanas
  3 worker ants
  A worker ant zombie (D:6)
  11 gnolls
  10 adders
  An adder zombie (D:5)
  3 adder skeletons
  3 worms
  5 leopard geckos
  11 orcs
  8 bats
  6 giant cockroaches
  4 hobgoblins (D:1)
  4 jackals (D:5)
  11 kobolds
  3 quokkas
  A ball python (D:5)
  2 frilled lizards (D:2)
  2 gnoll zombies (D:2)
  8 goblins
  A jackal skeleton (D:6)
  8 rats
147 creatures vanquished.

Notes
Turn   | Place    | Note
-------+----------+-------------------------------------------
     0 | D:1      | Menchi the Gnoll Fighter began the quest for the Orb.
     0 | D:1      | Reached XP level 1. HP: 23/23 MP: 1/1
   292 | D:1      | Reached XP level 2. HP: 29/29 MP: 2/2
  1001 | D:2      | Reached XP level 3. HP: 33/35 MP: 3/3
  1300 | D:2      | Reached skill level 1 in Invocations
  1569 | D:2      | Found a glowing golden altar of the Shining One.
  1646 | D:2      | Found a radiant altar of Vehumet.
  1653 | D:2      | Reached skill level 1 in Short Blades
  1653 | D:2      | Reached skill level 1 in Axes
  1653 | D:2      | Reached skill level 1 in Maces & Flails
  1653 | D:2      | Reached skill level 1 in Polearms
  1653 | D:2      | Reached skill level 1 in Staves
  1653 | D:2      | Reached skill level 1 in Slings
  1653 | D:2      | Reached skill level 1 in Bows
  1653 | D:2      | Reached skill level 1 in Crossbows
  1653 | D:2      | Reached skill level 1 in Throwing
  1653 | D:2      | Reached skill level 1 in Dodging
  1653 | D:2      | Reached skill level 1 in Stealth
  1653 | D:2      | Reached skill level 1 in Unarmed Combat
  1653 | D:2      | Reached skill level 1 in Spellcasting
  1653 | D:2      | Reached skill level 1 in Evocations
  1726 | D:2      | Reached XP level 4. HP: 40/41 MP: 5/5
  1789 | D:2      | Found a basalt altar of Yredelemnul.
  2231 | D:3      | Reached skill level 1 in Conjurations
  2231 | D:3      | Reached skill level 1 in Hexes
  2231 | D:3      | Reached skill level 1 in Charms
  2231 | D:3      | Reached skill level 1 in Summonings
  2231 | D:3      | Reached skill level 1 in Necromancy
  2231 | D:3      | Reached skill level 1 in Translocations
  2231 | D:3      | Reached skill level 1 in Transmutations
  2231 | D:3      | Reached skill level 1 in Fire Magic
  2231 | D:3      | Reached skill level 1 in Ice Magic
  2231 | D:3      | Reached skill level 1 in Air Magic
  2231 | D:3      | Reached skill level 1 in Earth Magic
  2231 | D:3      | Reached skill level 1 in Poison Magic
  2231 | D:3      | Reached XP level 5. HP: 31/47 MP: 6/6
  2447 | D:3      | Found a snail-covered altar of Cheibriados.
  2709 | D:4      | Found a shattered altar of Ashenzari.
  2727 | D:4      | Found a stormy altar of Qazlal.
  2798 | D:4      | Reached XP level 6. HP: 52/53 MP: 8/8
  2851 | D:4      | Noticed a phantom
  2868 | D:4      | Reached skill level 5 in Long Blades
  2899 | D:4      | Killed a phantom
  2899 | D:4      | Reached XP level 7. HP: 24/59 MP: 10/10
  3293 | D:5      | Entered Level 5 of the Dungeon
  3295 | D:5      | Found Pylius's Antique Armour Shoppe.
  3350 | D:5      | Noticed Blork the orc
  3361 | D:5      | Killed Blork the orc
  3596 | D:5      | Reached XP level 8. HP: 49/67 MP: 10/12
  4114 | D:5      | Found a staircase to the Ecumenical Temple.
  4334 | D:6      | Found a transporter.
  4336 | D:6      | Noticed Toogi's ghost (amateur FeCj)
  4419 | D:6      | Found a glowing silver altar of Zin.
  4510 | Temple   | Entered the Ecumenical Temple
  4644 | Temple   | Became a worshipper of Nemelex Xobeh the Trickster
  4759 | D:6      | Reached XP level 9. HP: 68/72 MP: 14/14
  4871 | D:6      | Found a transporter.
  4992 | D:6      | Received a gift from Nemelex Xobeh
  5208 | D:6      | Killed Toogi's ghost
  5708 | D:7      | Found a hazy altar of Hepliaklqana.
  5975 | D:7      | Noticed Harold
  5991 | D:7      | HP: 1/74 [Harold/+2 dire flail of crushing (17)]
  5991 | D:7      | Slain by Harold

Skill      XL: |  1  2  3  4  5  6  7  8  9 |
---------------+----------------------------+-----
Invocations    | 1 2 3 4 |  4.9
Short Blades   | 1 2 3 4 |  4.4
Axes           | 1 2 3 4 |  4.4
Maces & Flails | 1 2 3 4 |  4.4
Polearms       | 1 2 3 4 |  4.4
Staves         | 1 2 3 4 |  4.4
Slings         | 1 2 3 4 |  4.4
Bows           | 1 2 3 4 |  4.4
Crossbows      | 1 2 3 4 |  4.4
Throwing       | 1 2 3 4 |  4.4
Dodging        | 1 2 3 4 |  4.4
Stealth        | 1 2 3 4 |  4.4
Unarmed Combat | 1 2 3 4 |  4.4
Spellcasting   | 1 2 3 4 |  4.4
Evocations     | 1 2 3 4 |  4.4
Conjurations   | 1 2 3 |  3.6
Hexes          | 1 2 3 |  3.6
Charms         | 1 2 3 |  3.6
Summonings     | 1 2 3 |  3.6
Necromancy     | 1 2 3 |  3.6
Translocations | 1 2 3 |  3.6
Transmutations | 1 2 3 |  3.6
Fire Magic     | 1 2 3 |  3.6
Ice Magic      | 1 2 3 |  3.6
Air Magic      | 1 2 3 |  3.6
Earth Magic    | 1 2 3 |  3.6
Poison Magic   | 1 2 3 |  3.6
Long Blades    | 5 6 |  6.4
Fighting       | 7 8 |  8.0
Armour         | 7 8 |  8.9
Shields        | 7 8 |  8.0

Action                   |  1- 3 |  4- 6 |  7- 9 || total
-------------------------+-------+-------+-------++-------
Melee: Long sword        |    94 |   100 |   245 ||   439
       Bite              |     7 |    11 |    51 ||    69
       Punch             |       |       |     2 ||     2
       Great mace        |       |       |    43 ||    43
Evoke: Wand              |       |       |     6 ||     6
  Use: Potion            |       |     1 |     3 ||     4
       Scroll            |       |       |    14 ||    14
  Eat: Chunk             |     1 |     5 |    14 ||    20
Armor: Scale mail        |    39 |    48 |   166 ||   253
Dodge: Dodged            |    45 |    52 |   200 ||   297
       Rpst.: Long sword |    18 |    18 |    46 ||    82
